 Dungeon Sprint DCSS version 0.23.2-30-g0e89c35 (webtiles) character file.

Game seed: 13215616788726634163

1377 staplegun the Basher (level 8, -1/60 HPs)
             Began as a Gargoyle Abyssal Knight on June 15, 2019.
             Was a High Priest of Lugonu.
             Slain by a death knight
             ... wielding a +2 battleaxe of flaming
              (22 damage)
             ... in the Dungeon (Sprint IX: "|||||||||||||||||||||||||||||").
             The game lasted 00:03:15 (484 turns).

staplegun the Basher (Gargoyle Abyssal Knight)       Turns: 484, Time: 00:03:16

Health: -1/60      AC: 19    Str: 18    XL:     8   Next: 66%
Magic:  10/10      EV: 13    Int: 13    God:    Lugonu [*****.]
Gold:   0          SH:  0    Dex: 12    Spells: 7/7 levels left

rFire    . . .     SeeInvis .   o - +2 morningstar (crush)
rCold    . . .     Gourm    .   (no shield)
rNeg     + . .     Faith    .   r - +2 ring mail
rPois    ∞         Spirit   .   p - +0 helmet
rElec    +         Reflect  .   (no cloak)
rCorr    .         Harm     .   (no gloves)
MR       .....     NoTele   +   q - +0 pair of boots
Stlth    +.........             (no amulet)
HPRegen  0.20/turn              b - +3 ring of dexterity
MPRegen  0.12/turn              s - +2 ring of protection

@: no status effects
A: negative energy resistance 1, electricity resistance, unbreathing,
petrification resistance, rot immunity, AC +5
a: Bend Space, Banish, Corrupt, Renounce Religion


You were in the Dungeon.
You worshipped Lugonu.
Lugonu was extremely pleased with you.
You were not hungry.

You visited 1 branch

Inventory:

Hand Weapons
 a - a +1 mace
 o - a +2 morningstar of crushing (weapon)
Armour
 p - a +0 helmet (worn)
 q - a +0 pair of boots (worn)
 r - a +2 ring mail (worn)
Jewellery
 b - a +3 ring of dexterity (left hand)
 s - a +2 ring of protection (right hand)
Wands
 n - a wand of iceblast (8)
Scrolls
 i - 2 scrolls of blinking
 l - 3 scrolls of remove curse
 m - 2 scrolls of amnesia
Potions
 d - 5 potions of curing
 e - a potion of invisibility
 f - a potion of haste
 g - 4 potions of magic
 h - a potion of berserk rage
 k - 2 potions of heal wounds
Comestibles
 c - a ration


   Skills:
 + Level 11.6 Fighting
 + Level 12.2 Maces & Flails
 + Level 7.9 Armour
 + Level 5.0 Dodging
 + Level 3.6 Invocations
 + Level 0.5 Evocations


You had 7 spell levels left.
You didn't know any spells.
Your spell library was empty.

Dungeon Overview and Level Annotations

Branches:
Dungeon (1/1)

Altars:
Cheibriados
Dithmenos
Elyvilon
Fedhas
Gozag
Hepliaklqana
Kikubaaqudgha
Makhleb
Nemelex Xobeh
Okawaru
Qazlal
Ru
Sif Muna
Trog
Uskayaw
Vehumet
Wu Jian
Xom
Yredelemnul
Zin
The Shining One
Beogh
Jiyva
Lugonu


Innate Abilities, Weirdness & Mutations

You are resistant to torment.
Your stone body is resilient. (AC +5)
You are immune to poison.
You resist negative energy. (rN+)
You are resistant to electric shocks. (rElec)
You can survive without breathing.
You are immune to petrification.
You are immune to rotting.


Message History

You see here a cursed -1 giant spiked club.
You see here a +0 leather armour.
The death knight's dark mirror aura disappears.
Items here: ( )))))
You see here an uncursed staff of energy.
Evoke which item? (* to show all) (? for menu, Esc to quit)
Aiming: Iceblast
Press: ? - help, Shift-Dir - straight line, f - death knight
Aim: a death knight, wielding a +2 battleaxe of flaming and wearing a +0 chain mail (moderately wounded)
The mass of ice explodes!
The iceblast engulfs the death knight but does no damage.
The death knight is moderately wounded.
The iceblast engulfs the adder skeleton!
The adder skeleton partially resists.
You destroy the adder skeleton!
Lugonu accepts your kill.
You barely miss the death knight.
The death knight is moderately wounded.
The death knight hits you with a +2 battleaxe of flaming!!
You die... ▓▓▓▓▓▓▓▓▓▓▓▓▓▓▓▓▓▓▓▓▓▓▓▓▓▓▓▓▓▓▓▓▓ '.....()).[..(|p@'_______________ ▓▓▓▓▓▓▓▓▓▓▓▓▓▓▓▓▓▓▓▓▓▓▓▓▓▓▓▓▓▓▓▓▓

You could see a death knight.

Vanquished Creatures
  A cyclops (D)
  A gargoyle (D)
  A hippogriff (D)
  A basilisk (shapeshifter) (D)
  A phantom (D)
  An ogre (D)
  A big kobold (D)
  A crimson imp (D)
  An orc wizard (D)
  An iguana (D)
  A worker ant (D)
  An adder (D)
  2 adder skeletons (D)
  A dart slug (D)
  2 goblins (D)
  A jackal (D)
  A quokka (D)
  A frilled lizard (D)
  A kobold (D)
21 creatures vanquished.

Notes
Turn   | Place    | Note
-------+----------+-------------------------------------------
     0 | D        | staplegun the Gargoyle Abyssal Knight began the quest for
                  | the Orb.
     0 | D        | Reached XP level 1. HP: 14/14 MP: 2/2
     6 | D        | Reached ** piety under Lugonu
    15 | D        | Reached XP level 2. HP: 19/20 MP: 3/3
    23 | D        | Noticed a crimson imp
    29 | D        | Reached *** piety under Lugonu
    29 | D        | Reached skill level 5 in Fighting
    35 | D        | Reached skill level 1 in Dodging
    41 | D        | HP: 1/21 [worker ant (4)]
    46 | D        | Reached skill level 3 in Maces & Flails
    46 | D        | Reached XP level 3. HP: 24/28 MP: 5/5
    80 | D        | Reached **** piety under Lugonu
    80 | D        | Reached skill level 4 in Maces & Flails
    80 | D        | Reached XP level 4. HP: 30/34 MP: 6/6
   115 | D        | Found a roughly hewn altar of Beogh.
   115 | D        | Found a snail-covered altar of Cheibriados.
   115 | D        | Found a shadowy altar of Dithmenos.
   115 | D        | Found a white marble altar of Elyvilon.
   115 | D        | Found a blossoming altar of Fedhas.
   115 | D        | Found an opulent altar of Gozag.
   116 | D        | Found a hazy altar of Hepliaklqana.
   117 | D        | Found a viscous altar of Jiyva.
   118 | D        | Found an ancient bone altar of Kikubaaqudgha.
   119 | D        | Found a corrupted altar of Lugonu.
   120 | D        | Found a burning altar of Makhleb.
   121 | D        | Found a sparkling altar of Nemelex Xobeh.
   122 | D        | Found an iron altar of Okawaru.
   123 | D        | Found a stormy altar of Qazlal.
   124 | D        | Found a sacrificial altar of Ru.
   125 | D        | Found a deep blue altar of Sif Muna.
   126 | D        | Found a bloodstained altar of Trog.
   127 | D        | Found a hide-covered altar of Uskayaw.
   128 | D        | Found a radiant altar of Vehumet.
   129 | D        | Found an ornate altar of the Wu Jian Council.
   130 | D        | Found a shimmering altar of Xom.
   131 | D        | Found a basalt altar of Yredelemnul.
   132 | D        | Found a glowing silver altar of Zin.
   133 | D        | Found a glowing golden altar of the Shining One.
   187 | D        | Noticed a big kobold
   187 | D        | Noticed an ogre
   187 | D        | Noticed a hippogriff
   187 | D        | Noticed a phantom
   196 | D        | Killed a hippogriff
   196 | D        | Reached skill level 7 in Maces & Flails
   196 | D        | Reached skill level 5 in Armour
   196 | D        | Reached XP level 5. HP: 29/41 MP: 7/7
   196 | D        | Reached XP level 6. HP: 32/46 MP: 8/8
   201 | D        | Reached skill level 8 in Maces & Flails
   209 | D        | Reached skill level 10 in Fighting
   212 | D        | Killed a phantom
   212 | D        | Reached ***** piety under Lugonu
   212 | D        | Reached skill level 9 in Maces & Flails
   212 | D        | Reached XP level 7. HP: 24/53 MP: 9/9
   445 | D        | Noticed a death knight
   445 | D        | Noticed a gargoyle
   445 | D        | Noticed a basilisk
   445 | D        | Noticed a cyclops
   451 | D        | Killed a cyclops
   451 | D        | Reached skill level 11 in Maces & Flails
   451 | D        | Reached XP level 8. HP: 60/60 MP: 10/10
   463 | D        | Killed a gargoyle
   463 | D        | Reached skill level 12 in Maces & Flails
   463 | D        | Reached skill level 5 in Dodging
   484 | D        | Slain by a death knight

Skill      XL: |  1  2  3  4  5  6  7  8 |
---------------+-------------------------+-----
Fighting       | 4 6 7 9 10 11 | 11.6
Armour         | 3 5 6 7 |  7.9
Dodging        | 1 2 3 4 5 |  5.0
Maces & Flails | 3 4 7 9 11 12 | 12.2
Invocations    | 3 |  3.6
Evocations     | |  0.5

Action                   |  1- 3 |  4- 6 |  7- 9 || total
-------------------------+-------+-------+-------++-------
Melee: Mace              |    48 |       |       ||    48
       Morningstar       |       |    24 |    24 ||    48
Evoke: Wand              |       |       |     2 ||     2
  Use: Potion            |     1 |       |       ||     1
Armor: Leather armour    |    16 |       |       ||    16
       Ring mail         |       |    16 |     3 ||    19
Dodge: Dodged            |    24 |    14 |    11 ||    49
